Map: 大气2000-天梯版

Players

TIME (Oliveira)

  • Race: Terran Terran
  • League: Grandmaster

cyan - Winner!

  • Race: Protoss Protoss
  • League: Grandmaster

Event: DreamHack SC2 Masters 2021 Winter

VOD

Have the link to the VOD?

Description

Time

  • Played on: Oct. 10, 2021, 9:38 a.m.
  • Length: 22:34

All games in this series

Show
View Real Time Build Order
Export as new Build Order

TIME Terran 

Build Orders:  

Get SALT Encoding   

  12  0:00  SCV  
  13  0:12  SCV  
  14  0:17  Supply Depot  
  14  0:24  SCV  
  15  0:39  SCV  
  15  0:42  Barracks  
  16  0:46  Refinery  
  16  0:51  SCV  
  17  1:03  SCV  
  18  1:15  SCV  
  19  1:28  Marine  
  19  1:29  Orbital Command  
  20  1:41  Command Center  
  20  1:47  Barracks Reactor  
  20  1:55  SCV  
  20  1:56  Supply Depot  
  21  2:07  SCV  
  22  2:08  Factory  
  22  2:19  SCV  
  23  2:23  Refinery, Marine x2  
  25  2:31  SCV  
  26  2:41  Marine x2  
  26  2:43  SCV  
  29  2:52  Starport, Hellion  
  29  2:54  Orbital Command  
  29  2:57  SCV  
  32  2:59  Marine  
  32  3:01  Marine, Orbital Command  
  33  3:13  Widow Mine  
  33  3:17  Marine  
  33  3:19  SCV  
  37  3:24  Supply Depot  
  37  3:27  SCV  
  37  3:30  Marine  
  37  3:32  SCV  
  39  3:34  Medivac  
  39  3:35  Widow Mine  
  39  3:39  SCV  
  44  3:42  Marine  
  44  3:43  Bunker  
  44  3:44  SCV  
  46  3:49  Supply Depot  
  46  3:51  Marine  
  46  3:52  SCV  
  48  3:57  SCV, Factory Tech Lab  
  48  4:00  Marine  
  50  4:04  Starport Tech Lab  
  50  4:05  SCV  
  50  4:09  SCV, Marine  
  53  4:18  Siege Tank, Marine  
  53  4:19  SCV  
  53  4:21  SCV  
  57  4:24  Raven, Barracks  
  57  4:29  Barracks  
  59  4:32  Refinery, Marine  
  59  4:34  SCV  
  59  4:37  Supply Depot  
  61  4:39  SCV  
  62  4:51  Engineering Bay  
  62  4:53  Supply Depot  
  62  4:59  SCV x2, Siege Tank, Marine x2  
  69  5:02  Supply Depot  
  69  5:11  SCV  
  70  5:15  SCV  
  70  5:18  Marine x2  
  70  5:19  Stimpack, Marine  
  74  5:23  Barracks Tech Lab, SCV, Starport Reactor  
  74  5:27  SCV, Refinery  
  76  5:28  Supply Depot  
  76  5:31  Terran Infantry Weapons Level 1  
  77  5:35  SCV  
  77  5:36  Marine x2  
  77  5:37  Supply Depot  
  77  5:39  Marine  
  77  5:41  Combat Shield, Marine  
  82  5:42  SCV  
  82  5:52  SCV  
  82  5:54  Marine x2  
  82  5:55  Siege Tank  
  88  6:00  Marauder, Supply Depot  
  88  6:01  Marauder  
  92  6:10  Command Center  
  92  6:12  Marine  
  92  6:14  Marine  
  92  6:17  Medivac x2  
  98  6:23  Supply Depot  
  98  6:25  Marauder, Marine  
  101  6:32  Siege Tank, Marine  
  105  6:33  Marine  
  105  6:34  SCV  
  105  6:35  Supply Depot  
  105  6:36  SCV  
  108  6:42  Marine  
  109  6:47  Barracks  
  109  6:48  Barracks  
  109  6:52  Marauder, Marine  
  112  6:56  Medivac  
  112  6:57  Medivac, SCV  
  112  6:58  SCV  
  118  7:02  Marauder, Marine  
  118  7:06  Supply Depot  
  121  7:10  SCV  
  121  7:12  Marine  
  126  7:21  SCV  
  126  7:22  Marauder  
  129  7:24  Orbital Command  
  128  7:31  Viking x2  
  128  7:33  Marauder  
  128  7:34  Marine x2  
  128  7:35  Barracks Reactor, Barracks Tech Lab  
  136  7:37  SCV x2  
  136  7:44  Concussive Shells  
  136  7:48  Marauder  
  136  7:49  SCV  
  136  7:50  SCV x2  
  144  7:58  Marauder x2  
  144  8:01  Supply Depot  
  144  8:02  Supply Depot, Viking  
  145  8:10  Marauder  
  145  8:11  Marine  
  145  8:12  Marine  
  143  8:17  Viking  
  144  8:22  SCV x2  
  144  8:25  Marauder, Marine x2  
  144  8:27  SCV  
  151  8:29  Supply Depot x2  
  151  8:35  Viking  
  151  8:39  Engineering Bay, Armory  
  151  8:40  Refinery x2  
  153  8:42  Marauder, Marine x2  
  153  8:46  Marine x2  
  153  8:48  Terran Infantry Armor Level 1  
  156  9:10  Marauder x2, Marine x2  
  156  9:11  Marauder, Marine  
  156  9:12  Marine  
  118  9:28  Marine x3  
  118  9:30  Marine  
  100  9:31  Marauder, SCV x2  
  100  9:32  Marauder x2  
  100  9:33  Terran Infantry Weapons Level 2  
  100  9:35  SCV  
  103  9:42  Viking  
  103  9:43  SCV x2  
  105  9:46  Marine x2  
  105  9:47  Viking  
  105  9:51  SCV  
  112  9:53  Marauder, Marine x2  
  112  9:54  Marauder  
  112  9:55  Marauder, SCV  
  112  9:56  SCV  
  120  10:03  SCV  
  120  10:04  Marine  
  122  10:07  SCV  
  122  10:08  SCV, Marine  
  125  10:14  Viking  
  125  10:15  SCV  
  125  10:17  Viking  
  125  10:18  Marauder x2  
  125  10:19  Marine  
  125  10:20  Marauder, SCV, Marine  
  125  10:21  SCV  
  139  10:27  SCV  
  140  10:31  Marine x2  
  140  10:32  Siege Tank  
  142  10:40  Marauder  
  138  10:52  Liberator x2  
  138  10:53  Marauder, Marine x2  
  138  10:54  Marauder, SCV x3  
  153  10:58  Ghost Academy  
  153  11:00  Command Center  
  153  11:02  Sensor Tower  
  153  11:05  Siege Tank  
  153  11:06  SCV  
  153  11:07  Marine  
  153  11:08  SCV  
  153  11:10  SCV  
  160  11:13  Barracks Tech Lab  
  160  11:14  Marine x2  
  160  11:16  Terran Infantry Armor Level 2  
  162  11:18  SCV  
  162  11:20  SCV  
  162  11:22  SCV  
  165  11:25  Missile Turret  
  165  11:28  Enhanced Shockwaves  
  165  11:30  SCV  
  167  11:34  SCV  
  167  11:35  SCV  
  167  11:39  Ghost x2  
  168  11:45  Supply Depot  
  172  11:47  Ghost  
  173  11:54  SCV  
  173  12:07  Siege Tank, Viking x2  
  180  12:12  Marauder x2  
  180  12:14  SCV  
  180  12:15  SCV  
  186  12:19  Marine x4  
  190  12:23  Missile Turret  
  190  12:25  SCV  
  193  12:36  Planetary Fortress  
  193  12:39  Terran Infantry Weapons Level 3  
  193  12:41  SCV  
  193  12:42  Marine x2  
  196  12:44  Missile Turret  
  196  12:45  Marauder  
  196  13:02  Marine x3  
  196  13:04  Supply Depot, Command Center  
  196  13:06  Marauder  
  196  13:11  Ghost  
  195  13:19  Ghost, Marine  
  190  13:25  Marine  
  193  13:28  Marauder  
  195  13:35  Marine  
  195  13:40  Terran Infantry Armor Level 3  
  195  13:41  Marauder  
  193  13:56  Marauder, Marine x3  
  191  14:15  Marine, Ghost  
  159  14:24  Orbital Command  
  159  14:27  Ghost  
  121  14:32  SCV  
  121  14:35  Orbital Command  
  121  14:38  Marine, Ghost  
  90  14:39  Marine  
  90  14:40  Siege Tank, Viking x2  
  90  14:41  SCV  
  90  14:44  Marauder, Marine x2  
  90  14:45  SCV  
  102  14:53  SCV  
  102  14:56  SCV, Marine  
  102  14:58  Marine x2  
  107  15:03  SCV  
  107  15:05  SCV  
  107  15:06  Marauder, SCV  
  110  15:08  SCV  
  110  15:12  Marine x2  
  110  15:13  Marauder  
  110  15:14  Siege Tank, Marine  
  118  15:15  SCV  
  118  15:17  SCV, Viking x2  
  118  15:19  Marine  
  118  15:20  Marine  
  128  15:21  SCV x2  
  128  15:24  Missile Turret  
  127  15:34  Marine  
  128  15:36  SCV  
  128  15:39  Marauder x3, SCV x2  
  137  15:45  Marine  
  137  15:48  SCV  
  139  15:51  Marine  
  139  15:54  SCV x2  
  140  15:57  Supply Depot  
  140  15:59  Marine x2  
  140  16:00  Marauder  
  140  16:04  Medivac x2  
  148  16:08  Marine x2  
  148  16:10  SCV x2  
  150  16:12  SCV  
  150  16:21  SCV  
  150  16:24  Marine x2  
  150  16:25  Siege Tank  
  156  16:32  Planetary Fortress  
  156  16:33  Missile Turret  
  156  16:36  Marine  
  156  16:37  Marine  
  156  16:38  Marauder  
  156  16:39  Sensor Tower  
  161  16:42  Viking  
  161  16:46  Supply Depot  
  162  16:49  Supply Depot  
  162  16:50  Marauder  
  162  16:52  SCV  
  165  16:58  Marauder  
  165  17:07  Marauder, Marine x3  
  169  17:13  Siege Tank  
  169  17:14  Viking  
  169  17:15  Medivac  
  175  17:17  Ghost  
  175  17:18  Marine  
  175  17:36  Marauder, Marine x2  
  170  17:45  Viking, Marine  
  173  17:52  Marine x2  
  173  17:53  Marauder  
  173  17:54  Supply Depot x2  
  173  17:58  Ghost  
  179  18:04  Marine  
  176  18:07  Marine x2  
  176  18:10  Medivac, Siege Tank, Ghost  
  185  18:14  Marauder, Refinery  
  185  18:15  Supply Depot, Refinery  
  185  18:18  Barracks  
  185  18:19  Barracks x2  
  187  18:25  Marine x2  
  191  18:27  Marauder  
  191  18:30  Viking  
  193  18:37  Command Center  
  193  18:42  Marauder, Marine x2  
  191  18:56  Ghost  
  193  19:05  Marine  
  193  19:06  Barracks Reactor, Barracks Tech Lab  
  193  19:07  Barracks Tech Lab  
  190  19:17  Command Center  
  190  19:24  Marine x2  
  188  19:25  Marauder  
  183  19:37  Marine x2  
  160  19:40  Siege Tank, Viking  
  160  19:44  SCV x2  
  164  19:56  Ghost  
  164  19:57  Ghost  
  165  20:07  Missile Turret  
  161  20:23  Planetary Fortress  
  161  20:24  Marauder x2  
  161  20:25  Marine  
  166  20:30  Marauder  
  166  20:42  Marauder, Marine x2  
  169  20:45  Marine  
  169  20:55  Marauder  
  171  20:59  Sensor Tower  
  171  21:00  Marauder  
  134  21:27  Marine x2  
  134  21:28  Marauder x3, Marine x2  
  134  21:29  Siege Tank  
  141  21:35  Ghost  
  141  21:36  Marine x2  
  141  21:37  Medivac x2  
  150  21:41  Marine  
  150  21:45  Marine  
  151  21:52  Marauder, Marine x2  
  151  21:53  Orbital Command  
  146  22:12  SCV x2  
Show
View Real Time Build Order
Export as new Build Order

cyan Protoss - Winner!

Build Orders: 1 Gate Expand, Blink Stalkers, Colossus Rush 

Get SALT Encoding   

  12  0:00  Probe  
  13  0:12  Probe  
  14  0:17  Pylon  
  14  0:24  Probe (Chrono Boost)  
  15  0:36  Gateway, Probe (Chrono Boost)  
  16  0:45  Probe (Chrono Boost)  
  16  0:46  Assimilator  
  17  0:51  Probe  
  18  1:03  Probe  
  19  1:15  Probe  
  20  1:24  Cybernetics Core  
  20  1:32  Nexus  
  20  1:36  Probe  
  21  1:45  Pylon  
  21  1:48  Probe  
  21  1:52  Assimilator  
  22  2:00  Adept (Chrono Boost), Probe  
  23  2:04  Warp Gate  
  25  2:12  Probe  
  26  2:22  Twilight Council  
  26  2:23  Adept (Chrono Boost)  
  26  2:24  Probe  
  30  2:38  Probe (Chrono Boost)  
  30  2:44  Probe (Chrono Boost)  
  30  2:45  Stalker  
  34  2:54  Probe x2 (Chrono Boost)  
  34  2:58  Gateway  
  35  3:01  Blink (Chrono Boost), Probe x2  
  37  3:15  Probe  
  37  3:16  Probe  
  37  3:22  Robotics Facility  
  37  3:27  Probe  
  37  3:28  Probe  
  37  3:40  Probe x2  
  39  3:44  Gateway  
  39  3:51  Nexus  
  39  3:52  Probe  
  40  3:55  Stalker  
  40  3:57  Probe  
  40  4:02  Pylon  
  43  4:04  Probe  
  43  4:09  Probe  
  45  4:11  Observer  
  45  4:14  Assimilator  
  46  4:20  Probe  
  46  4:22  Probe  
  46  4:23  Stalker x2  
  52  4:28  Pylon  
  52  4:30  Forge  
  52  4:32  Probe  
  52  4:34  Assimilator  
  52  4:35  Observer  
  54  4:44  Pylon  
  54  4:46  Robotics Bay, Probe x2  
  56  4:52  Pylon  
  56  4:58  Observer, Probe x2 (Chrono Boost)  
  59  5:04  Protoss Ground Weapons Level 1 (Chrono Boost)  
  60  5:10  Probe x3 (Chrono Boost)  
  60  5:13  Gateway  
  62  5:15  Gateway x2  
  62  5:19  Probe x2 (Chrono Boost)  
  62  5:20  Probe (Chrono Boost)  
  65  5:24  Sentry x2  
  65  5:27  Probe  
  70  5:30  Pylon  
  70  5:32  Probe  
  71  5:35  Probe  
  71  5:38  Colossus (Chrono Boost), Pylon  
  71  5:39  Probe  
  78  5:47  Probe  
  78  5:48  Shield Battery  
  79  5:50  Probe  
  79  5:55  Gateway, Charge (Chrono Boost)  
  79  5:56  Gateway  
  80  5:59  Probe  
  81  6:04  Shield Battery  
  81  6:06  Pylon  
  81  6:09  Probe  
  81  6:10  Zealot  
  81  6:11  Zealot  
  86  6:13  Colossus (Chrono Boost)  
  86  6:14  Stalker  
  88  6:25  Probe  
  93  6:29  Probe x2  
  94  6:36  Pylon  
  94  6:37  Zealot, Probe, Sentry  
  99  6:41  Probe  
  99  6:42  Zealot  
  99  6:44  Stalker x2  
  99  6:46  Stalker  
  108  6:47  Pylon  
  108  6:58  Stalker x2, Zealot  
  108  7:01  Pylon  
  114  7:06  Colossus (Chrono Boost)  
  114  7:14  Zealot x5  
  128  7:16  Protoss Ground Weapons Level 2 (Chrono Boost)  
  128  7:17  Gateway  
  128  7:21  Pylon  
  128  7:43  Zealot x8  
  140  7:50  Probe  
  141  7:52  Assimilator  
  141  7:54  Probe  
  141  7:55  Warp Prism  
  141  7:56  Assimilator  
  143  7:59  Pylon  
  143  8:04  Templar Archives  
  139  8:14  Zealot x5  
  145  8:20  Probe  
  145  8:22  Probe  
  143  8:28  Probe  
  143  8:31  Robotics Facility, Forge  
  143  8:34  Disruptor (Chrono Boost), Gravitic Drive (Chrono Boost)  
  142  8:41  Zealot  
  147  8:44  Nexus  
  147  8:45  Pylon  
  147  8:49  Pylon, High Templar x2  
  147  8:55  High Templar x2  
  155  8:56  Archon  
  148  9:03  Archon  
  144  9:12  Zealot x5  
  154  9:22  Zealot x2  
  130  9:25  Disruptor (Chrono Boost)  
  130  9:27  Zealot  
  130  9:28  Zealot  
  111  9:36  Colossus (Chrono Boost)  
  107  9:46  Photon Cannon  
  107  9:48  Shield Battery  
  107  9:49  Probe, Shield Battery  
  107  9:50  High Templar  
  107  9:51  Zealot x5, High Templar  
  122  9:53  Zealot  
  122  9:55  Zealot  
  122  9:57  Colossus (Chrono Boost)  
  132  10:02  Archon  
  132  10:11  Protoss Ground Armor Level 1 (Chrono Boost)  
  132  10:13  Protoss Ground Weapons Level 3 (Chrono Boost)  
  132  10:14  Zealot x2  
  134  10:15  Zealot x2  
  134  10:21  Stalker x2  
  150  10:32  Colossus (Chrono Boost)  
  150  10:41  Stalker x2  
  150  10:42  Stalker x2, Zealot x3  
  160  10:46  Colossus (Chrono Boost)  
  158  10:59  Assimilator  
  158  11:01  Dark Shrine  
  158  11:03  Assimilator  
  158  11:09  Zealot x2  
  158  11:10  Zealot x2  
  166  11:14  Zealot  
  166  11:17  Probe  
  169  11:19  Probe, Shield Battery  
  169  11:22  Nexus  
  169  11:25  Pylon  
  170  11:27  Immortal (Chrono Boost)  
  174  11:37  High Templar x4  
  174  11:38  Zealot x2  
  186  11:42  Archon  
  186  11:44  Protoss Ground Armor Level 2 (Chrono Boost)  
  186  11:45  Shield Battery  
  186  11:46  Photon Cannon, Zealot  
  176  12:01  Archon  
  176  12:03  Warp Prism (Chrono Boost)  
  178  12:11  Immortal (Chrono Boost)  
  178  12:15  Shadow Stride  
  178  12:17  High Templar x2  
  178  12:20  Shield Battery  
  178  12:22  Shield Battery  
  182  12:25  Pylon  
  182  12:29  Shield Battery  
  182  12:33  Gateway  
  182  12:34  Zealot, Gateway  
  182  12:37  Gateway  
  181  12:40  Immortal  
  181  12:43  Stalker  
  181  12:44  Stalker  
  189  12:48  Stalker  
  191  12:53  Stalker x2  
  191  12:56  Stalker  
  187  13:05  Archon  
  187  13:10  High Templar x4  
  193  13:14  Archon  
  193  13:15  Zealot, Archon  
  193  13:16  Zealot x2  
  177  13:23  Protoss Shields Level 1 (Chrono Boost)  
  177  13:27  Zealot  
  178  13:37  Dark Templar  
  178  13:38  Dark Templar x4  
  188  13:53  Disruptor (Chrono Boost)  
  188  13:54  Disruptor (Chrono Boost)  
  172  13:58  Dark Templar x2  
  172  14:00  Zealot  
  172  14:01  Zealot x3  
  164  14:23  Zealot x9  
  164  14:24  Zealot  
  134  14:37  Stalker  
  122  14:46  Dark Templar x2  
  122  14:54  Nexus  
  118  15:01  Colossus (Chrono Boost)  
  118  15:03  Disruptor (Chrono Boost)  
  118  15:06  Probe x3  
  128  15:10  Pylon  
  128  15:23  Assimilator  
  128  15:24  Zealot  
  128  15:25  Assimilator  
  124  15:41  Zealot  
  124  15:49  Warp Prism (Chrono Boost)  
  124  15:56  Colossus (Chrono Boost)  
  130  15:59  Stalker x2  
  130  16:00  Stalker x3  
  140  16:06  Stalker  
  140  16:09  Zealot  
  140  16:14  Disruptor (Chrono Boost)  
  140  16:17  Zealot  
  145  16:27  Stalker  
  145  16:28  Stalker x2  
  145  16:29  Shield Battery  
  145  16:32  Probe  
  150  16:35  Shield Battery  
  150  16:38  High Templar x3  
  156  16:40  High Templar  
  156  16:42  High Templar  
  156  16:43  Archon  
  156  16:44  Archon  
  156  16:46  Dark Templar  
  162  16:50  High Templar  
  164  16:54  Archon  
  164  17:07  Zealot  
  164  17:09  Assimilator  
  164  17:16  Assimilator  
  164  17:19  Disruptor x2 (Chrono Boost)  
  167  17:27  Stalker x3  
  167  17:28  Zealot x2  
  178  17:32  Nexus, Pylon  
  174  17:45  Zealot, Dark Templar  
  174  17:48  Stalker  
  174  17:49  Stalker x2, Zealot x3  
  187  18:11  Nexus, Pylon  
  187  18:13  Dark Templar x4  
  187  18:14  Dark Templar  
  197  18:21  Dark Templar x2  
  197  18:24  Protoss Ground Armor Level 3 (Chrono Boost)  
  195  18:43  Pylon  
  195  18:46  Photon Cannon  
  195  18:47  Photon Cannon  
  195  18:48  Shield Battery  
  166  19:04  Robotics Facility  
  166  19:07  Zealot x5  
  166  19:08  Zealot  
  156  19:43  Dark Templar x4  
  164  19:45  Stalker x2  
  164  19:46  Stalker x3  
  174  19:59  Assimilator  
  175  20:00  Probe x5  
  175  20:03  Assimilator  
  179  20:12  Probe x5  
  182  20:26  Disruptor x2  
  188  20:30  Stalker x4  
  192  20:38  Zealot x3  
  192  20:44  Probe x4  
  192  20:49  Probe  
  197  20:56  Probe  
  190  21:25  Disruptor x2 (Chrono Boost)  
  150  21:36  Dark Templar x2  
  150  21:37  Zealot x3  
  156  21:42  Stalker  
  156  21:43  Stalker, Zealot x4  
  168  21:52  Disruptor x2 (Chrono Boost)  
  172  22:03  Dark Templar x2  
  154  22:17  Zealot x5  
  154  22:19  Zealot x4  

Tags
 
Add a new tag
Caveats
  • Supply blocks, unpowered buildings, or Contaminate may cause inaccurate times.
  • Supply counts are checked every 10 seconds.